 Dungeon Crawl Stone Soup version 0.20-a0-871-g785f14b (webtiles) character file.

28 Dfrag the Firebug (level 3, -3/28 HPs)
             Began as a Naga Fire Elementalist on Mar 14, 2017.
             Killed by nerve-wracking pain
             ... invoked by Jessica
              (14 damage)
             ... on level 2 of the Dungeon.
             The game lasted 00:01:38 (687 turns).

Dfrag the Firebug (Naga Fire Elementalist)           Turns: 687, Time: 00:01:39

Health: -3/28      AC:  3    Str: 10    XL:     3   Next: 14%
Magic:  2/6        EV: 10    Int: 16    God:
Gold:   64         SH:  0    Dex: 11    Spells: 5/6 levels left

rFire    . . .     SeeInvis +   (no weapon)
rCold    . . .     Gourm    .   a - +0 robe
rNeg     . . .     Faith    .   (no shield)
rPois    +         Spirit   .   (no helmet)
rElec    .         Reflect  .   j - +0 cloak
rCorr    .         Harm     .   (no gloves)
MR       .....                  (no barding)
Stlth    ++........             f - amulet of magic regeneration (curse)
Regen    0.1/turn               (no ring)
MPRegen  0.2/turn               (no ring)

@: very slightly contaminated, very slow
A: see invisible, deformed body, poison resistance, slowness 2, slow metabolism
1, spit poison 1, AC +1
a: Spit Poison


You were on level 2 of the Dungeon.
You were not hungry.

You visited 1 branch of the dungeon, and saw 2 of its levels.

You collected 64 gold pieces.

Inventory:

Armour
 a - a +0 robe (worn)
 j - a +0 cloak (worn)
Jewellery
 f - a cursed amulet of magic regeneration (around neck)
Scrolls
 e - a scroll of teleportation {unknown}
 g - a scroll of recharging {unknown}
 h - 3 scrolls of identify {unknown}
 i - a scroll of immolation {unknown}
 k - a scroll of noise {unknown}
Books
 b - a book of Flames

   Spells                             Type                      Level
   a - Flame Tongue                   Conjuration/Fire             1
   b - Throw Flame                    Conjuration/Fire             2
   c - Conjure Flame                  Conjuration/Fire             3
   d - Inner Flame                    Hexes/Fire                   3
   e - Sticky Flame                   Conjuration/Fire             4
   f - Fireball                       Conjuration/Fire             5
Comestibles
 c - 2 bread rations
 d - 3 meat rations
 l - a chunk of flesh


   Skills:
 - Level 1.5 Dodging
 - Level 3.0 Stealth
 + Level 2.4 Spellcasting
 + Level 1.5 Conjurations
 + Level 3.6 Fire Magic


You had 5 spell levels left.
You knew the following spells:

 Your Spells              Type           Power        Failure   Level  Hunger
a - Flame Tongue          Conj/Fire      ##...        10%         1    #......


Dungeon Overview and Level Annotations

Branches:
Dungeon (2/15)

Altars:
Uskayaw

Annotations:
D:2 Jessica


Innate Abilities, Weirdness & Mutations

You cannot wear boots.
Your serpentine skin is tough. (AC +1)
You have supernaturally acute eyesight. (SInv)
Armour fits poorly on your strangely shaped body.
Your system is resistant to poisons. (rPois)
You cover ground very slowly.
You have a slow metabolism.
You can spit poison.


Message History

Casting: Flame Tongue
Confirm with . or Enter, or press ? or * to list all spells.
Aiming: Flame Tongue
Press: ? - help, Shift-Dir - straight line, f/p - Jessica
Aim: Jessica, wielding a club and wearing a robe (fast)
The flame tongue hits Jessica.
Jessica is almost dead.
You have got your breath back.
Jessica points at you and mumbles some strange words.
Pain shoots through your body!
Casting: Flame Tongue
Confirm with . or Enter, or press ? or * to list all spells.
Aiming: Flame Tongue
Press: ? - help, Shift-Dir - straight line, f/p - Jessica
Aim: Jessica, wielding a club and wearing a robe (almost dead, fast)
You miscast Flame Tongue.
Nothing appears to happen.
Jessica casts a spell at you. Pain shoots through your body!
Ouch! That really hurt!
You die...

#.......)......#
#..............###
#................#
#..<...........#.#
####...##......#.#
#...##....<...#
#...####.##.###
######...##........
#.......@.@...##.#.#
#.####.######.##.#.#
#.# ..# # #.# ###
#.# #.# #.# ..#


You could see Jessica.

Vanquished Creatures
  A dart slug (D:1)
  4 bats (D:1)
  4 goblins (D:1)
  4 hobgoblins
  2 kobolds (D:1)
  A ball python (D:1)
  4 frilled lizards (D:1)
  6 rats
26 creatures vanquished.

Notes
Turn   | Place    | Note
-------+----------+-------------------------------------------
     0 | D:1      | Dfrag the Naga Fire Elementalist began the quest for the Orb.
     0 | D:1      | Reached XP level 1. HP: 15/15 MP: 3/3
    14 | D:1      | Found a hide-covered altar of Uskayaw.
   124 | D:1      | Reached XP level 2. HP: 7/22 MP: 5/5
   368 | D:1      | Reached XP level 3. HP: 27/28 MP: 6/6
   678 | D:2      | Noticed Jessica
   687 | D:2      | Killed from afar by Jessica

Vault maps used:
D:1:      mrwooster_arrival_statue_2, kennysheep_flooded_box, hex_medium,
          minmay_pentomino_p4
D:2:      lemuel_round_altar, grunt_gozag_statues, uniq_jessica

Action                   || total
-------------------------++-------
Melee: Unarmed           ||    14
 Cast: Flame Tongue      ||    23
 Abil: Spit Poison       ||    22
  Eat: Chunk             ||     1
Armor: Robe              ||     4
Dodge: Dodged            ||    22
